 Dungeon Crawl Stone Soup version 0.30-a0-627-gc11e7ae810 (webtiles) character file.

Game seed: 1139178732839299335

1040 Rrauwl the Skirmisher (level 8, -12/56 HPs)
             Began as a Human Hunter on Jan 12, 2023.
             Mangled by an orc warrior
             ... wielding a +0 battleaxe
              (15 damage)
             ... on level 6 of the Dungeon.
             The game lasted 00:14:05 (5331 turns).

Rrauwl the Skirmisher (Human Hunter)                Turns: 5331, Time: 00:14:06

Health: -12/56     AC:  9    Str: 14    XL:     8   Next: 49%
Magic:  8/8        EV:  9    Int:  9    God:
Gold:   289        SH:  0    Dex: 17    Spells: 7/7 levels left

rFire   . . .      SeeInvis .    a - +0 shortbow
rCold   + . .      Faith    .    (shield currently unavailable)
rNeg    . . .      Spirit   .    o - +0 chain mail
rPois   .          Reflect  .    (no helmet)
rElec   .          Harm     .    j - scarf {+Inv}
rCorr   .          Rampage  .    (no gloves)
Will    .....      Rnd*Tele +    l - +1 pair of slick slippers {slick, slippery, EV+3} Stlth
                                 (no amulet)
HPRegen 0.29/turn                (no ring)
MPRegen 0.11/turn                (no ring)

@: hasted (expiring), very quick
A: cold resistance 1, high MP 1, teleportitis 1
a: Evoke Invisibility


You were on level 6 of the Dungeon.
You visited 1 branch of the dungeon, and saw 6 of its levels.

You collected 289 gold pieces.

Inventory:

Hand Weapons
 a - a +0 shortbow (weapon)
 b - a +2 dagger of venom
 k - a +0 scythe
 n - a +2 hand axe of distortion
Missiles
 h - a throwing net
Armour
 j - a scarf of invisibility (worn)
 l - the +1 pair of slick slippers (worn) {slick, slippery, EV+3}
   (You acquired it on level 4 of the Dungeon)

   Its wearer cannot be constricted, engulfed, netted or webbed.
   It slips away from damaging melee attacks, pulling the attacker onward.
   EV:        It affects your evasion (+3).
 o - a +0 chain mail (worn)
 q - an orb of light
Wands
 m - a wand of flame (16)
 p - a wand of quicksilver (2)
Scrolls
 d - a scroll of amnesia
 f - 5 scrolls of identify
 g - 2 scrolls of immolation
Potions
 c - a potion of haste
 e - 3 potions of cancellation
 i - 2 potions of curing


   Skills:
 - Level 2.0 Fighting
 + Level 10.0 Ranged Weapons
 - Level 2.0 Armour
 - Level 2.0 Dodging
 - Level 1.0 Stealth


You had 7 spell levels left.
You didn't know any spells.
Your spell library contained the following spells:

 Spells                   Type           Power      Damage    Failure   Level
 Sublimation of Blood     Necr           0%         N/A       100%        2
 Wereblood                Tmut           0%         N/A       100%        2
 Ozocubu's Armour         Ice            0%         N/A       100%        3
 Ozocubu's Refrigeration  Ice            0%         4d7       100%        7
 Summon Hydra             Summ           0%         N/A       100%        7


Dungeon Overview and Level Annotations

Branches:
Dungeon (6/15)
 Temple: D:4-7

Altars:
Ashenzari
Vehumet
Zin

Shops:
D:4 (


Innate Abilities, Weirdness & Mutations

Your flesh is cold resistant. (rC+)
You have an increased reservoir of magic. (+10% MP)
You are occasionally teleported next to monsters.


Message History

The arrow hits the orc but does no damage.
The orc warrior hits you with a +0 battleaxe!
* * * LOW HITPOINT WARNING * * *
You slip backwards!
Fire: a) +0 shortbow
Press: ? - help, Q - select action, (/) - cycle Shift-Dir - straight line, f/p - orc warrior
Aim: an orc warrior, wielding a +0 battleaxe and wearing a +0 plate armour (heavily wounded, 65% to hit)
You shoot an arrow.
The arrow barely misses the orc warrior.
The orc warrior hits you but does no damage.
Fire: a) +0 shortbow
Press: ? - help, Q - select action, (/) - cycle Shift-Dir - straight line, f/p - orc warrior
Aim: an orc warrior, wielding a +0 battleaxe and wearing a +0 plate armour (heavily wounded, 65% to hit)
You shoot an arrow.
The arrow barely misses the orc warrior.
Reactivating autopickup.
You feel a bit more experienced.
Your Ranged Weapons skill increases to level 10!
The black bear bites you but does no damage.
The black bear claws you but does no damage.
The black bear claws you.
* * * LOW HITPOINT WARNING * * *
Found a stone staircase leading down.
As you open the door, it creaks loudly!
You hear an angry hiss.
You hear a shout! x3
Found a scroll of summoning.
An orc wizard comes into view. It is wielding a +0 dagger.
There is an open door here.
An orc comes into view. It is wielding a +1 dagger of venom.
Your extra speed is starting to run out.
The iguana hisses angrily.
The orc shouts!
You hear a shout!
An orc comes into view. It is wielding a +0 club.
The orc moves out of view.
You see here a scroll of summoning.
As you read the scroll of summoning, it crumbles to dust.
Wisps of shadow whirl around you...
The orc wizard points at you and mumbles some strange words.
Your shadow imp resists with significant effort.
The orc warrior hits you with a +0 battleaxe!
You die...

.....# ....>.#
......# ......###.#
#########.........#
.......D#.........#
######@#........?#
#.....5so.........#
.l...##.#........#
.oo. #.#o.......#
... #.#........# ..
#.####'##### . #.#
#.# #.. #o# .. #.#


You could see an orc warrior (ally target), an iguana, an orc wizard (ally
target), 2 orcs, a friendly steam dragon (summoned), a friendly scorpion
(summoned) and a friendly shadow imp (summoned).

Vanquished Creatures
  Sigmund (D:5)
  Edmund (D:5)
  Menkaure (D:4)
  A black bear (D:4)
  A phantom (D:5)
  Blork the orc (D:4)
  3 hounds
  An iguana (D:5)
  2 orc wizards
  4 gnolls (D:5)
  10 adders
  An ufetubus (D:4)
  A worm (D:2)
  2 dart slugs
  16 orcs
  3 endoplasms
  A giant cockroach (D:2)
  14 goblins
  5 hobgoblins
  4 jackals (D:3)
  2 quokkas
  3 ball pythons
  6 bats
  A frilled lizard (D:3)
  9 kobolds
  5 rats
  A spectral hobgoblin (D:2)
100 creatures vanquished.

Notes
Turn   | Place    | Note
-------+----------+-------------------------------------------
     0 | D:1      | Rrauwl the Human Hunter began the quest for the Orb.
     0 | D:1      | Reached XP level 1. HP: 16/16 MP: 1/1
   218 | D:1      | Reached XP level 2. HP: 22/22 MP: 2/2
   223 | D:1      | Reached skill level 1 in Armour
   743 | D:2      | Reached XP level 3. HP: 27/27 MP: 3/3
   825 | D:2      | Found a faded altar of an unknown god.
   917 | D:2      | Noticed a scorpion
  1048 | D:2      | Reached XP level 4. HP: 33/33 MP: 4/4
  1227 | D:3      | Reached skill level 5 in Ranged Weapons
  1382 | D:3      | Found a glowing silver altar of Zin.
  2129 | D:4      | Found Ceylam's Antique Weapon Boutique.
  2168 | D:4      | Reached XP level 5. HP: 37/38 MP: 5/5
  2263 | D:4      | Reached skill level 6 in Ranged Weapons
  2599 | D:4      | Noticed a black bear
  2609 | D:4      | Killed a black bear
  2610 | D:4      | Reached XP level 6. HP: 27/44 MP: 6/6
  2623 | D:4      | Reached skill level 7 in Ranged Weapons
  3022 | D:4      | Noticed Menkaure
  3025 | D:4      | Killed Menkaure
  3026 | D:4      | Reached XP level 7. HP: 50/50 MP: 7/7
  3045 | D:4      | Identified a scroll of acquirement
  3045 | D:4      | Acquired the +1 pair of slick slippers {slick, slippery,
                  | EV+3}
  3045 | D:4      | Found the +1 pair of slick slippers {slick, slippery, EV+3}
  3552 | D:5      | Entered Level 5 of the Dungeon
  3552 | D:5      | Noticed Blork the orc
  3773 | D:5      | Found a radiant altar of Vehumet.
  3898 | D:4      | Killed Blork the orc
  3899 | D:4      | Reached skill level 8 in Ranged Weapons
  3901 | D:4      | Gained mutation: Your flesh is cold resistant. (rC+)
                  | [potion of mutation]
  3901 | D:4      | Gained mutation: You are occasionally teleported next to
                  | monsters. [potion of mutation]
  3901 | D:4      | Gained mutation: You have an increased reservoir of magic.
                  | (+10% MP) [potion of mutation]
  4086 | D:5      | Noticed Sigmund
  4120 | D:5      | Killed Sigmund
  4121 | D:5      | Reached skill level 9 in Ranged Weapons
  4121 | D:5      | Reached XP level 8. HP: 30/56 MP: 8/8
  4702 | D:5      | Noticed Edmund
  4721 | D:5      | Killed Edmund
  5299 | D:6      | Found a broken altar of Ashenzari.
  5324 | D:6      | Reached skill level 10 in Ranged Weapons
  5324 | D:6      | HP: 2/56 [black bear (2)]
  5331 | D:6      | Mangled by an orc warrior

Illustrated notes

Levels and vault maps discovered:
D:1:      heliophobic_arrival_henge, layout_basic
D:2:      layout_rooms, dreamdust_ecumenical_altar_drowned_temple,
          lightli_corner_chamber
D:3:      layout_basic, zin_academy
D:4:      wander_river, layout_layer_cave, serial_shops,
          nicolae_shop_window_shopping, minmay_door_square, uniq_menkaure
D:5:      layout_layer_cave, lemuel_crystal_altar, uniq_edmund,
          uniq_blork_the_orc, uniq_sigmund
D:6:      layout_basic, ashenzari_conservatory_becter, minmay_mini_ossuary

Skill      XL: |  1  2  3  4  5  6  7  8 |
---------------+-------------------------+-----
Armour         | 1 2 |  2.0
Ranged Weapons | 5 6 7 9 10 | 10.0
Fighting       | |  2.0
Dodging        | |  2.0
Stealth        | |  1.0

Action                   |  1- 3 |  4- 6 |  7- 9 || total
-------------------------+-------+-------+-------++-------
Melee: Dagger            |       |    31 |     6 ||    37
       Punch             |       |     1 |       ||     1
 Fire: Shortbow          |    74 |    98 |   129 ||   301
Evoke: Wand              |       |     3 |    14 ||    17
  Use: Scroll            |     2 |     6 |     3 ||    11
       Potion            |     1 |     2 |     6 ||     9
Armor: Leather armour    |     5 |    20 |     8 ||    33
       Chain mail        |       |       |     9 ||     9
Dodge: Dodged            |     8 |    43 |    68 ||   119

Table legend: (Time is in decaauts)
 A = Elapsed time spent in this place.
 B = Non-inter-level travel time spent in this place.
 C = Inter-level travel time spent in this place.
 D = Time resting spent in this place.
 E = Time spent auto-exploring this place.
 F = Levels seen in this place.
 G = Mean time per level.
                   A        B        C        D        E       F      G
               +--------+--------+--------+--------+--------+-----+--------+
         Total |   5403 |   5147 |    256 |      0 |   4389 |   6 |  900.5 |
       Dungeon |   5403 |   5147 |    256 |      0 |   4389 |   6 |  900.5 |
               +--------+--------+--------+--------+--------+-----+--------+

Top non-repeatable levels by time:
     D:4: 1799 daAuts
     D:5: 1447 daAuts
     D:3: 885 daAuts
     D:1: 752 daAuts
     D:2: 416 daAuts
     D:6: 102 daAuts
